General information
			
			
        
        - name: 1v1 OBS TM #4
 
        - type: Custom game
 
        - host: ActionJackson3
 
        - saver: TIMG4STRok
 
        
map: TwistedMeadows 
        - players: 12
 
        - length: 15:46
 
        - speed: Fast
 - version: 1.22 W3XP
 - replay type:  

 
» download(66 KB)
Players
        team 1 (winner) 
              
              
TIMG4STRok (
gray | 160 APM | 2529 actions | 15:46)
              
 5 Archmage 
 3 Summon Water Elemental
 2 Brilliance Aura
 2 Pandaren Brewmaster 
 1 Breath of Fire
 1 Drunken Brawler
 
                » actions 
                
                | Assign group hotkey | 32 |  | 
| Basic commands | 117 |  | 
| Build / train | 72 |  | 
| ESC pressed | 1 |  | 
| Enter build submenu | 23 |  | 
| Enter hero's abilities submenu | 7 |  | 
| Give item / drop item | 7 |  | 
| Right click | 1208 |  | 
| Select / deselect | 267 |  | 
| Select group hotkey | 717 |  | 
| Use ability | 78 |  | 
                2529 total
 » units 
                
                | Peasant | 17 |  | 
| Footman | 6 |  | 
| Rifleman | 7 |  | 
| Spell Breaker | 2 |  | 
| Priest | 2 |  | 
                34 total
 » upgrades
                
                | Masonry | 1 |  | 
| Gunpowder | 1 |  | 
| Long Rifles | 1 |  | 
| Plating | 1 |  | 
| Priest Training | 1 |  | 
                5 total
 » buildings
                
                | Altar of Kings | 1 |  | 
| Barracks | 2 |  | 
| Farm | 12 |  | 
| Arcane Vault | 1 |  | 
| Scout Tower | 4 |  | 
| Arcane Tower | 1 |  | 
| Lumber Mill | 1 |  | 
| Town Hall | 1 |  | 
| Keep | 1 |  | 
| Guard Tower | 1 |  | 
| Blacksmith | 1 |  | 
| Arcane Sanctum | 1 |  | 
| Castle | 1 |  | 
                28 total
 » build order
                00:09 Altar of Kings
00:15 Barracks
00:20 Farm
00:58 Farm
01:33 Farm
02:04 Farm
03:27 Arcane Vault
03:30 Scout Tower
04:02 Arcane Tower
04:29 Lumber Mill
05:20 Farm
06:17 Town Hall
06:23 Scout Tower
06:24 Scout Tower
06:25 Scout Tower
06:32 Keep
07:11 Guard Tower
07:46 Blacksmith
09:04 Barracks
09:08 Arcane Sanctum
09:21 Farm
09:22 Farm
09:23 Farm
09:24 Farm
09:58 Farm
09:59 Farm
12:29 Castle
14:30 Farm
» items
                
                | Scroll of Regeneration | 5 |  | 
| Lesser Clarity Potion | 1 |  | 
| Mechanical Critter | 1 |  | 
| Scroll of Town Portal | 3 |  | 
| Boots of Speed | 2 |  | 
| Scroll of Protection | 1 |  | 
| Potion of Healing | 3 |  | 
| Scroll of Healing | 1 |  | 
                17 total
  
               team 2 (loser) 
              
              
greedoFthenoob (
pink | 90 APM | 1423 actions | 15:45)
              
 3 Archmage 
 2 Summon Water Elemental
 1 Brilliance Aura
 2 Mountain King 
 1 Storm Bolt
 1 Bash
 1 Paladin 
 1 Holy Light
 
                » actions 
                
                | Assign group hotkey | 36 |  | 
| Basic commands | 44 |  | 
| Build / train | 54 |  | 
| Enter build submenu | 16 |  | 
| Enter hero's abilities submenu | 7 |  | 
| Give item / drop item | 2 |  | 
| Right click | 628 |  | 
| Select / deselect | 493 |  | 
| Select group hotkey | 69 |  | 
| Use ability | 74 |  | 
                1423 total
 » units 
                
                | Peasant | 16 |  | 
| Footman | 10 |  | 
| Priest | 5 |  | 
| Spell Breaker | 3 |  | 
| Knight | 1 |  | 
                35 total
 » upgrades
                
                | Priest Training | 2 |  | 
| Control Magic | 1 |  | 
                3 total
 » buildings
                
                | Altar of Kings | 1 |  | 
| Farm | 6 |  | 
| Barracks | 1 |  | 
| Keep | 1 |  | 
| Arcane Vault | 2 |  | 
| Arcane Sanctum | 2 |  | 
| Castle | 1 |  | 
| Blacksmith | 1 |  | 
| Lumber Mill | 1 |  | 
                16 total
 » build order
                00:04 Altar of Kings
00:13 Farm
00:20 Barracks
00:49 Farm
01:41 Farm
03:13 Farm
03:56 Keep
04:27 Arcane Vault
05:24 Farm
05:33 Arcane Vault
06:37 Arcane Sanctum
08:15 Castle
09:04 Arcane Sanctum
09:09 Farm
10:42 Blacksmith
12:06 Lumber Mill
» items
                
                | Boots of Speed | 1 |  | 
| Scroll of Healing | 1 |  | 
| Potion of Lesser Invulnerability | 1 |  | 
| Staff of Sanctuary | 1 |  | 
                4 total
  
               observersActionJackson3, 
Retrosex, 
Psilocibyn, 
DudeRanch, 
1st_Panzer_Div., 
SoLeKs, 
CaShMaStEr5000, 
Lord_DongZhou, 
SDFWESDER, 
kunt.roII Chat log
          (00:09 / All) greedoFthenoob: more like lord_lagzghu
(00:31 / All) greedoFthenoob: gg gl
(00:33 / All) TIMG4STRok: gl hf
(00:38 / All) greedoFthenoob: you should easily beat me
(00:43 / All) greedoFthenoob: some orc just roofled my toofle
(00:48 / All) TIMG4STRok: always do
(00:49 / All) TIMG4STRok: easily beat you
(01:39 / All) greedoFthenoob: manner
(01:47 / All) greedoFthenoob: sigh
(03:17 / All) greedoFthenoob: so tim
(03:20 / All) greedoFthenoob: what do you make of the stock market
(07:38 / All) greedoFthenoob: yeah
(07:39 / All) greedoFthenoob: fuck this
(14:02 / All) greedoFthenoob: owned
(15:36 / All) greedoFthenoob: gg